 Dungeon Crawl Stone Soup version 0.30.1-4-g462c640d31 (webtiles) character file.

Game seed: 3435400356256217011

1190 Mickster the Cleaver (level 8, -8/70 HPs)
             Began as a Hill Orc Berserker on Aug 24, 2023.
             Was a Follower of Trog.
             Mangled by an ogre
             ... wielding a +0 giant spiked club
              (18 damage)
             ... on level 6 of the Dungeon on Aug 25, 2023.
             The game lasted 00:20:31 (4837 turns).

Mickster the Cleaver (Hill Orc Berserker)           Turns: 4837, Time: 00:20:32

Health: -8/70      AC: 15    Str: 28    XL:     8   Next: 43%
Magic:  8/8        EV: 11    Int:  7    God:    Trog [*.....]
Gold:   221        SH:  0    Dex: 10    Spells: 7/7 levels left

rFire   . . .        a - +0 hand axe (drain)
rCold   . . .        (no shield)
rNeg    . . .        c - +5 scale mail
rPois   .            (no helmet)
rElec   .            r - +0 cloak
rCorr   .            (no gloves)
SInv    .            h - +0 pair of boots
Will    ++...        (no amulet) Stlth
                     l - ring of flight
HPRegen 1.31/turn    E - +6 ring of strength
MPRegen 0.11/turn

%: no passive effects
@: strong-willed, on berserk cooldown, flying, regenerating, slowed, very slow
A: no striking features
a: Renounce Religion, Berserk


You were on level 6 of the Dungeon.
You worshipped Trog.
Trog was aware of your devotion.
You visited 1 branch of the dungeon, and saw 6 of its levels.

You collected 221 gold pieces.

Inventory:

Hand Weapons
 a - a +0 hand axe of draining (weapon)
 i - a +1 spear of flaming
 q - a +3 quarterstaff of chaos
 u - a +4 dagger
 x - a +0 halberd of protection
 y - a +0 spear of venom
 B - a +2 dagger of flaming
 D - a +0 war axe
Missiles
 d - 7 poisoned darts (quivered)
 e - 38 stones
 v - a throwing net
Armour
 c - a +5 scale mail (worn)
 h - a +0 pair of boots (worn)
 r - a +0 cloak (worn)
Jewellery
 k - a ring of positive energy
 l - a ring of flight (left hand)
 E - a +6 ring of strength (right hand)
Wands
 j - a wand of mindburst (9)
 o - a wand of polymorph (11)
 F - a wand of flame (15)
Scrolls
 f - 5 scrolls of teleportation
 n - 3 scrolls of identify
 w - a scroll of magic mapping
 A - 2 scrolls of amnesia {unknown}
Potions
 b - 2 potions of mutation {unknown}
 g - a potion of heal wounds {unknown}
 m - 3 potions of attraction {unknown}
 p - a potion of berserk rage {unknown}
 s - a potion of cancellation {unknown}
 t - a potion of flight {unknown}
 z - a potion of curing {unknown}
 C - a potion of lignification {unknown}


   Skills:
 + Level 5.9 Fighting
 + Level 9.2 Axes
 + Level 6.1 Armour
 + Level 3.1 Dodging
 + Level 0.6 Stealth


You had 7 spell levels left.
You didn't know any spells.
Your spell library was empty.

Dungeon Overview and Level Annotations

Branches:
Dungeon (6/15)             Temple (0/1) D:5

Altars:


Message History

The ogre shouts!
You see here a wand of paralysis (10).
You feel your anger nearly subside.
You are no longer berserk.
You are exhausted.
You feel yourself slow down. The ogre hits you but does no damage.
You slash the ogre!
The ogre is moderately wounded.
The ogre hits you with a +0 giant spiked club!!
You closely miss the ogre.
The ogre is moderately wounded.
The ogre hits you with a +0 giant spiked club!
* * * LOW HITPOINT WARNING * * *
You barely miss the ogre.
The ogre is moderately wounded.
The ogre barely misses you.
You completely miss the ogre.
The ogre is moderately wounded.
You hit the ogre.
The ogre is heavily wounded.
The ogre barely misses you.
You hit the ogre but do no damage.
The ogre is heavily wounded.
The ogre hits you with a +0 giant spiked club.
* * * LOW HITPOINT WARNING * * *
Your skin crawls.
You feel strong-willed.
You can no longer call upon Trog for regeneration and willpower.
The ogre hits you with a +0 giant spiked club!
* * * LOW HITPOINT WARNING * * *
You hit the ogre.
The ogre is severely wounded.
The ogre closely misses you.
You hit the ogre but do no damage.
The ogre is severely wounded.
The ogre closely misses you.
You hit the ogre.
The ogre is almost dead.
The ogre hits you with a +0 giant spiked club!!
You die...

#########
......>##
##$.......
#.@O.#
#..#.#
#/.# #
#..# #..#
#..# #.<#
#.## #..


You could see an ogre.

Vanquished Creatures
  Grinder (D:6)
  Sigmund (D:3)
  An orc warrior (D:5)
  The ghost of safid the Chiller, an amateur MfIE (D:3)
  An ogre (D:5)
  A scorpion (D:4)
  A howler monkey (D:3)
  2 hounds (D:5)
  3 orc priests
  2 jellies (D:5)
  Crazy Yiuf (D:3)
  2 orc wizards (D:5)
  7 gnolls
  2 adders
  2 shadow imps (D:5)
  A white imp (D:5)
  3 ufetubi
  4 worms
  A dart slug (D:1)
  9 orcs
  5 ball pythons
  4 endoplasms
  2 giant cockroaches (D:2)
  7 goblins
  6 hobgoblins
  3 jackals (D:2)
  3 kobolds
  A quokka (D:3)
  4 frilled lizards
  A rat (D:3)
82 creatures vanquished.

Notes
Turn   | Place    | Note
-------+----------+-------------------------------------------
     0 | D:1      | Mickster the Hill Orc Berserker began the quest for the
                  | Orb.
     0 | D:1      | Reached XP level 1. HP: 19/19 MP: 1/1
   235 | D:1      | Reached XP level 2. HP: 27/27 MP: 2/2
   360 | D:1      | You fall into a shaft and drop 1 floor!
   503 | D:2      | Reached XP level 3. HP: 33/33 MP: 3/3
   706 | D:2      | Reached ** piety under Trog
   848 | D:3      | Noticed Grinder
  1120 | D:3      | Reached skill level 5 in Axes
  1466 | D:3      | Reached XP level 4. HP: 37/41 MP: 4/4
  1496 | D:3      | Found a faded altar of an unknown god.
  1926 | D:3      | Noticed Sigmund
  1939 | D:3      | Killed Sigmund
  1940 | D:3      | Reached skill level 6 in Axes
  1940 | D:3      | Reached XP level 5. HP: 47/47 MP: 5/5
  1940 | D:3      | Reached XP level 6. HP: 55/55 MP: 6/6
  2126 | D:3      | Found a runed translucent door.
  2127 | D:3      | Noticed Crazy Yiuf
  2136 | D:3      | Killed Crazy Yiuf
  2413 | D:3      | Found a runed translucent door.
  2414 | D:3      | Noticed safid's ghost (amateur MfIE)
  2424 | D:3      | Killed safid's ghost
  2430 | D:3      | Reached skill level 7 in Axes
  2855 | D:4      | Reached skill level 5 in Fighting
  2855 | D:4      | Reached XP level 7. HP: 61/61 MP: 7/7
  3723 | D:5      | Entered Level 5 of the Dungeon
  3811 | D:5      | Reached skill level 8 in Axes
  3815 | D:5      | Reached skill level 5 in Armour
  3821 | D:5      | Found a staircase to the Ecumenical Temple.
  3891 | D:5      | Reached XP level 8. HP: 16/69 MP: 8/8
  4820 | D:6      | Killed Grinder
  4821 | D:6      | Reached skill level 9 in Axes
  4837 | D:6      | Mangled by an ogre

Illustrated notes

Levels and vault maps discovered:
D:1:      amcnicky_arrival_abandoned_market, layout_loops_ring
D:2:      minmay_general_purpose_star, layout_basic, hangedman_decor_opposing
D:3:      layout_basic, ebering_ghost_inner_flame,
          shapermc_ecumenical_altar_notcrosses, uniq_grinder,
          uniq_crazy_yiuf_cottage, uniq_sigmund
D:4:      layout_loops_cross, serial_co_window_serial, co_window_corner_a,
          co_window_paths_a, co_window_of_opportunity_a, co_window_corner_a,
          co_window_corner_a, co_window_corner_b, co_window_corner_ca,
          co_window_of_opportunity_b, co_window_broadway_c, co_window_4corner_a,
          co_window_paths_d, glass_columns_b, glass_columns_a
D:5:      layout_loops_ring, minmay_temple_entry_large_hall
D:6:      layout_basic, ebering_ghost_disaster_area, serial_shops,
          nicolae_shop_hallway_stairs, nicolae_evil_shop

Skill      XL: |  1  2  3  4  5  6  7  8 |
---------------+-------------------------+-----
Fighting       | 4 5 |  5.9
Axes           | 5 6 7 8 9 |  9.2
Armour         | 3 4 5 6 |  6.1
Dodging        | 2 3 |  3.1
Stealth        | |  0.6

Action                     |  1- 3 |  4- 6 |  7- 9 || total
---------------------------+-------+-------+-------++-------
  Melee: Hand axe          |    98 |    61 |   105 ||   264
         Punch             |     1 |       |     2 ||     3
 Invoke: Berserk           |     2 |     4 |     4 ||    10
         Trog's Hand       |       |     1 |     3 ||     4
    Use: Scroll            |    10 |     2 |       ||    12
 Armour: Scale mail        |    36 |    27 |    70 ||   133
  Dodge: Dodged            |    46 |    25 |    72 ||   143
